 Dungeon Crawl Stone Soup version 0.29.1-12-g30fa7ad0bf (webtiles) character file.

Game seed: 10959137502057293890

6 hawla the Chiller (level 2, -2/20 HPs)
             Began as a Meteoran Ice Elementalist on Jan 14, 2023.
             Slain by an orc
             ... wielding a +2 hand axe of venom
              (3 damage)
             ... on level 4 of the Dungeon.
             The game lasted 00:01:09 (206 turns).

hawla the Chiller (Meteoran Ice Elementalist)        Turns: 206, Time: 00:01:10

Health: -2/20      AC:  2    Str:  9    XL:     2   Next: 11%
Magic:  7/7        EV: 12    Int: 16    God:
Gold:   23         SH:  0    Dex: 14    Spells: 6/7 levels left

rFire   . . .      SeeInvis .   (no weapon)
rCold   . . .      Faith    .   (no shield)
rNeg    . . .      Spirit   .   a - +0 robe
rPois   .          Reflect  .   (no helmet)
rElec   .          Harm     .   (no cloak)
rCorr   .          Rampage  .   (no gloves)
Will    .....                   (no boots)
Stlth   +.........              (no amulet)
HPRegen 0.06/turn               (no ring)
MPRegen 0.10/turn               (no ring)

@: glowing
A: sense surroundings 1, otherworldly, glowing, explore regen
a: no special abilities


You were on level 4 of the Dungeon.
You visited 1 branch of the dungeon, and saw 4 of its levels.

You collected 23 gold pieces.

Inventory:

Armour
 a - a +0 robe (worn)
Scrolls
 c - 2 scrolls of teleportation {unknown}
Potions
 b - a potion of magic


   Skills:
 + Level 2.4 Dodging
 - Level 1.4 Stealth
 + Level 3.0 Spellcasting
 + Level 4.5 Ice Magic


You had 6 spell levels left.
You knew the following spells:

 Your Spells              Type           Power      Damage    Failure   Level
a - Freeze                Ice            68%        1d8       2%          1

Your spell library contained the following spells:

 Spells                   Type           Power      Damage    Failure   Level
 Frozen Ramparts          Ice            34%        1d6       9%          3
 Ozocubu's Armour         Ice            17%        N/A       9%          3
 Hailstorm                Conj/Ice       9%         3d4       58%         4


Dungeon Overview and Level Annotations

Branches:
Dungeon (4/15) Zot: 2194
 Temple: D:4-7

Altars:


Innate Abilities, Weirdness & Mutations

You passively map a small area around you.
You are easily found by Zot.
You glow in the dark.
You regain HP and MP as you explore.


Message History

Found an escape hatch in the floor.
The goblin shouts!
The goblin hits you with a +0 club.
Casting: Freeze (safe; 3% risk of failure)
Confirm with . or Enter, or press ? or * to list all spells.
Aiming: Freeze (safe; 3% risk of failure)
Press: ? - help, Shift-Dir - straight line, f - goblin
Aim: a goblin, wielding a +0 club You freeze the goblin.
The goblin is heavily wounded.
The goblin hits you with a +0 club.
Unknown command.
Casting: Freeze (safe; 3% risk of failure)
Confirm with . or Enter, or press ? or * to list all spells.
Aiming: Freeze (safe; 3% risk of failure)
Press: ? - help, Shift-Dir - straight line, f/p - goblin
Aim: a goblin, wielding a +0 club (heavily wounded)
You freeze the goblin.
You kill the goblin!
Your Spellcasting skill increases to level 3!
Things that are here:
a +0 club; a goblin corpse
There is an escape hatch in the floor here.
You slide downwards.
The hatch slams shut behind you.
Found a stone staircase leading down.
There is a stone staircase leading down here.
Magic restored.
HP restored.
An orc comes into view. It is wielding a +2 hand axe of venom.
Found a scroll labelled HUFEIL LALOSO.
An orc is nearby!
An ogre comes into view. It is wielding a +0 giant club.
The orc shouts!
The ogre shouts!
You hear a shout! x3
The ogre hits you with a +0 giant club!!
Ouch! That really hurt!
* * * LOW HITPOINT WARNING * * *
Unknown command.
The orc attacks as you move away!
The orc hits you with a +2 hand axe of venom.
You die...

, * ## ** * , ..# * *
** * #.# ,, * ,* #.#
* , #.# * #?# *,
#.#####.######
#....O.o.....#
##############@####..
, #..............# *
* #.##############
#># , , #.# ,, * *
#.# , ,, , , #.# , ,
, * #.# * , ** * #.#
, * *


You could see an ogre and an orc.

Vanquished Creatures
  A goblin (D:3)
  A hobgoblin (D:2)
  A quokka (D:2)
  2 bats (D:3)
5 creatures vanquished.

Notes
Turn   | Place    | Note
-------+----------+-------------------------------------------
     0 | D:1      | hawla the Meteoran Ice Elementalist began the quest for the
                  | Orb.
     0 | D:1      | Reached XP level 1. HP: 14/14 MP: 5/5
    89 | D:3      | Found a faded altar of an unknown god.
    92 | D:3      | Reached XP level 2. HP: 19/20 MP: 3/6
   203 | D:4      | Noticed an ogre
   204 | D:4      | HP: 1/20 [ogre/+0 giant club (19)]
   206 | D:4      | Slain by an orc

Illustrated notes

Levels and vault maps discovered:
D:1:      dpeg_arrival_tiny_k, layout_rooms, serial_shops, shop_fountains,
          ebering_ecumenical_altar_petrified
D:2:      layout_loops_corners
D:3:      layout_loops_ring, nicolae_overflow_hidden_temple,
          gammafunk_temple_overflow_pools, nicolae_overflow_ecumenical_swirl,
          kennysheep_generic_room_4
D:4:      layout_loops_ring, minmay_temple_entry_drinking_statues, serial_shops,
          nicolae_shop_overgrown_old_shop, uniq_duvessa

Skill      XL: |  1  2 |
---------------+-------+-----
Spellcasting   | 3 |  3.0
Dodging        | |  2.4
Stealth        | |  1.4
Ice Magic      | |  4.5

Action                   || total
-------------------------++-------
 Cast: Freeze            ||    13
Armor: Robe              ||     2
Dodge: Dodged            ||     5
